Map: Pillars of Gold LE

Players

Rail

  • Race: Protoss Protoss
  • League: Grandmaster
  • Spawn Location: 7:00

soul - Winner!

  • Race: Terran Terran
  • League: Grandmaster
  • Spawn Location: 1:00

Event: DreamHack SC2 Masters 2020 Summer Europe

VOD

Have the link to the VOD?

Description

Time

  • Played on: June 27, 2020, 1:02 p.m.
  • Length: 12:04

All games in this series

Show
View Real Time Build Order
Export as new Build Order

Rail Protoss 

Build Orders: 1 Gate Expand, Phoenix Opening, Colossus Rush 

Get SALT Encoding   

  12  0:00  Probe  
  13  0:12  Probe  
  14  0:18  Pylon  
  14  0:24  Probe  
  15  0:33  Probe  
  15  0:36  Gateway  
  15  0:41  Probe  
  16  0:47  Assimilator  
  17  0:51  Probe  
  18  1:03  Probe  
  19  1:18  Probe  
  19  1:25  Nexus  
  20  1:35  Cybernetics Core  
  20  1:38  Probe  
  21  1:43  Assimilator  
  21  1:50  Probe  
  22  1:54  Pylon  
  22  2:02  Adept, Probe  
  23  2:14  Probe  
  26  2:19  Stargate  
  26  2:26  Probe  
  26  2:28  Warp Gate  
  27  2:33  Adept  
  27  2:34  Probe  
  29  2:38  Probe  
  29  2:43  Probe  
  31  2:50  Probe  
  33  2:51  Probe  
  32  3:02  Probe  
  32  3:03  Phoenix  
  36  3:13  Adept  
  36  3:15  Probe  
  36  3:19  Robotics Facility  
  38  3:21  Probe  
  39  3:32  Gateway  
  39  3:33  Probe x2  
  40  3:41  Probe x2  
  40  3:45  Pylon  
  42  3:49  Probe  
  42  3:50  Probe  
  42  3:52  Assimilator  
  44  3:56  Assimilator  
  44  3:59  Probe  
  44  4:01  Probe  
  45  4:04  Phoenix  
  48  4:11  Probe  
  48  4:14  Robotics Bay  
  48  4:15  Probe  
  50  4:19  Pylon  
  50  4:23  Probe  
  50  4:24  Pylon  
  51  4:25  Observer  
  51  4:27  Probe  
  53  4:35  Probe  
  53  4:37  Sentry, Probe  
  56  4:38  Zealot  
  56  4:45  Phoenix  
  61  4:46  Colossus, Probe  
  61  4:48  Probe  
  63  4:54  Pylon  
  64  5:00  Pylon  
  69  5:12  Extended Thermal Lance  
  69  5:14  Pylon  
  69  5:18  Zealot  
  69  5:19  Zealot  
  73  5:24  Phoenix  
  73  5:27  Colossus  
  81  5:47  Nexus  
  81  5:52  Phoenix  
  83  5:57  Sentry  
  83  5:58  Probe x2  
  83  6:02  Pylon  
  83  6:04  Stalker  
  89  6:10  Probe x2  
  91  6:17  Phoenix  
  93  6:20  Gateway  
  93  6:22  Probe  
  93  6:23  Stalker  
  96  6:28  Twilight Council  
  96  6:30  Probe  
  97  6:34  Gateway  
  97  6:40  Stalker  
  97  6:46  Probe  
  100  6:47  Stalker  
  100  6:51  Pylon  
  102  6:59  Probe  
  102  7:00  Probe  
  102  7:01  Probe  
  105  7:07  Disruptor, Charge  
  105  7:09  Forge  
  105  7:11  Probe  
  105  7:12  Forge  
  105  7:14  Probe  
  110  7:17  Stalker  
  110  7:19  Stalker  
  110  7:20  Protoss Ground Weapons Level 1  
  110  7:21  Probe  
  114  7:27  Probe  
  114  7:28  Protoss Ground Armor Level 1  
  115  7:31  Stalker, Zealot  
  115  7:33  Probe  
  115  7:36  Probe  
  112  7:42  Observer  
  112  7:43  Photon Cannon  
  112  7:45  Photon Cannon  
  112  7:50  Probe  
  113  7:56  Probe  
  111  8:00  Photon Cannon  
  111  8:02  Probe  
  111  8:04  Probe  
  110  8:07  Stalker  
  110  8:09  Probe  
  113  8:14  Probe  
  113  8:16  Probe  
  115  8:21  Probe  
  115  8:22  Pylon  
  115  8:25  Disruptor  
  115  8:26  Probe  
  117  8:28  Probe  
  117  8:31  Pylon  
  117  8:33  Probe  
  122  8:35  Pylon  
  122  8:36  Assimilator  
  122  8:38  Probe  
  122  8:40  Probe  
  122  8:41  Assimilator  
  124  8:47  Blink  
  124  8:49  Gateway  
  124  8:50  Gateway  
  124  8:52  Pylon  
  124  8:56  Stalker, Disruptor  
  124  8:57  Stalker  
  131  9:15  Protoss Ground Weapons Level 2  
  131  9:23  Fleet Beacon  
  131  9:24  Stalker  
  131  9:25  Stalker x2, Pylon  
  131  9:28  Protoss Ground Armor Level 2  
  131  9:31  Probe  
  138  9:47  Disruptor  
  138  9:48  Nexus  
  138  9:52  Pylon  
  141  9:57  Gateway x2  
  141  10:05  Probe  
  141  10:06  Probe  
  143  10:09  Probe  
  143  10:13  Stalker, Zealot x3  
  150  10:25  Observer  
  142  10:34  Stalker  
  139  10:36  Probe x2  
  139  10:42  Probe  
  138  10:43  Photon Cannon  
  138  10:49  Stalker, Zealot x2  
  142  10:50  Zealot x2  
  145  10:59  Stalker  
  145  11:00  Disruptor  
  147  11:06  Stargate  
  147  11:09  Stalker  
  149  11:14  Pylon  
  149  11:16  Pylon  
  149  11:18  Pylon  
  149  11:19  Pylon  
  149  11:20  Stargate  
  147  11:31  Stalker x2  
  148  11:35  Probe  
  147  11:42  Stalker, Zealot x2  
  147  11:45  Zealot x3  
  142  11:47  Probe  
Show
View Real Time Build Order
Export as new Build Order

soul Terran - Winner!

Build Orders:  

Get SALT Encoding   

  12  0:00  SCV  
  13  0:12  SCV  
  14  0:18  Supply Depot  
  14  0:25  SCV  
  15  0:39  SCV  
  15  0:40  Barracks  
  16  0:45  Refinery  
  16  0:51  SCV  
  17  1:03  SCV  
  18  1:15  SCV  
  19  1:27  Marine  
  19  1:29  Orbital Command  
  20  1:44  Command Center  
  20  1:47  Reaper  
  21  1:55  SCV  
  21  1:58  Supply Depot  
  22  2:05  Bunker  
  22  2:08  SCV  
  23  2:18  Factory  
  23  2:22  SCV  
  24  2:25  Barracks Reactor  
  24  2:30  Refinery  
  24  2:34  SCV  
  25  2:46  SCV  
  27  2:58  SCV  
  27  3:01  Orbital Command  
  27  3:04  Marine x2  
  27  3:05  Starport  
  29  3:09  Factory Tech Lab  
  29  3:10  SCV  
  29  3:22  Marine x2, SCV  
  32  3:29  SCV  
  33  3:34  SCV  
  33  3:35  Cyclone  
  33  3:40  Marine  
  33  3:41  SCV  
  38  3:42  Marine  
  38  3:47  Supply Depot, Viking  
  38  3:48  SCV  
  42  3:53  SCV  
  43  3:58  Marine  
  43  4:00  Marine, SCV  
  46  4:05  Supply Depot  
  46  4:09  SCV  
  47  4:12  SCV  
  47  4:17  Command Center  
  48  4:21  SCV  
  49  4:24  SCV  
  49  4:28  Viking  
  52  4:34  Armory, SCV  
  52  4:36  Marine  
  52  4:37  Marine, SCV  
  56  4:40  Supply Depot  
  56  4:46  SCV  
  56  4:50  Siege Tank  
  56  4:51  Barracks  
  60  4:53  SCV  
  60  4:56  Barracks  
  60  4:59  SCV  
  62  5:04  Starport Tech Lab  
  62  5:05  SCV  
  63  5:07  Refinery x2  
  63  5:09  Supply Depot  
  63  5:10  Marine  
  63  5:12  Marine  
  65  5:14  SCV  
  65  5:18  Supply Depot, SCV  
  65  5:20  Drilling Claws  
  67  5:25  Widow Mine  
  67  5:26  SCV  
  70  5:29  Marine  
  70  5:30  Marine  
  73  5:39  Engineering Bay  
  73  5:41  Orbital Command, Engineering Bay  
  72  5:44  Stimpack  
  72  5:49  Widow Mine, Medivac  
  76  5:50  SCV  
  76  5:54  Marauder  
  76  5:55  Marine, Barracks Tech Lab  
  80  5:57  Marine  
  81  6:04  Supply Depot  
  81  6:06  Terran Infantry Weapons Level 1, Missile Turret  
  81  6:10  Siege Tank  
  84  6:17  SCV x2  
  86  6:23  Barracks  
  86  6:24  Medivac  
  88  6:26  Barracks  
  88  6:27  Orbital Command  
  88  6:29  SCV  
  88  6:31  Supply Depot  
  89  6:35  Marauder, Marine  
  89  6:39  Marauder, Marine, SCV  
  96  6:43  Widow Mine  
  98  6:53  Marine  
  99  6:56  Supply Depot  
  99  6:57  Marauder, Supply Depot x2  
  99  6:58  Starport Reactor  
  99  7:00  SCV  
  102  7:03  Marauder, Marine  
  102  7:04  Siege Tank  
  108  7:12  Marine, SCV x2  
  112  7:17  Barracks Reactor, Barracks Tech Lab  
  112  7:18  Marauder  
  112  7:19  Terran Infantry Armor Level 1  
  112  7:24  SCV  
  112  7:25  Marine  
  112  7:26  Marauder  
  112  7:27  Orbital Command  
  111  7:35  SCV  
  111  7:36  SCV  
  115  7:37  Marauder  
  115  7:39  Marauder  
  115  7:42  Medivac  
  115  7:43  Medivac  
  121  7:47  SCV  
  121  7:48  SCV  
  121  7:49  Marine  
  124  7:54  Marauder, Marine  
  124  7:56  SCV  
  126  8:00  Combat Shield, Concussive Shells  
  124  8:06  Marine  
  124  8:07  Marauder  
  124  8:08  Widow Mine  
  124  8:11  SCV x2  
  124  8:12  Medivac  
  131  8:14  Medivac  
  131  8:15  SCV  
  134  8:20  Marauder, Marine  
  134  8:23  SCV x2  
  134  8:25  Bunker  
  134  8:26  Bunker  
  137  8:27  SCV  
  137  8:30  Refinery  
  137  8:32  Siege Tank, Supply Depot  
  141  8:44  Terran Infantry Weapons Level 2, Supply Depot  
  141  8:45  Supply Depot x2  
  141  8:47  Marine, SCV x2  
  141  8:48  Marine  
  144  8:49  Marauder  
  144  8:52  SCV  
  144  8:54  Marauder, Marine  
  151  8:56  Refinery  
  151  8:59  SCV, Medivac  
  154  9:08  Marine  
  154  9:09  Marauder, SCV  
  156  9:11  Marine  
  156  9:12  Marauder, Marine  
  156  9:13  SCV  
  156  9:16  Marine, Widow Mine  
  158  9:17  Marauder  
  158  9:26  Supply Depot  
  158  9:27  Ghost Academy  
  158  9:29  Starport, Marine  
  158  9:30  Marauder  
  161  9:34  Medivac x2  
  161  9:35  Command Center  
  165  9:39  Siege Tank, Marine  
  165  9:44  Supply Depot  
  170  9:52  Marine  
  168  9:54  Marine  
  168  9:55  Marauder  
  172  10:04  Medivac x2  
  175  10:09  Marauder, Marine  
  175  10:10  Marauder  
  180  10:18  Marine  
  180  10:19  Marauder, Widow Mine  
  183  10:21  Marine  
  183  10:26  Marine  
  185  10:31  Marauder x2, Marine  
  185  10:33  Medivac  
  185  10:34  Medivac x2  
  190  10:37  Marine  
  190  10:40  Marauder, Widow Mine  
  190  10:42  Marine  
  192  10:43  SCV  
  192  10:47  Marine, Planetary Fortress  
  189  10:51  Marine, SCV x2  
  189  10:52  Marauder x2  
  189  10:53  Refinery  
  189  10:55  SCV  
  197  10:59  Marine  
  197  11:02  Marauder  
  200  11:08  Refinery  
  200  11:16  Starport Reactor  
  200  11:20  Barracks  
  200  11:21  Barracks x2  
  200  11:31  Marauder, Marine  
  194  11:34  Marine  
  194  11:41  Marine  
  194  11:43  Widow Mine  
  194  11:44  Marine  
Tags
 
Add a new tag
Caveats
  • Supply blocks, unpowered buildings, or Contaminate may cause inaccurate times.
  • Supply counts are checked every 10 seconds.